 Seeded DCSS version 0.29.1-15-g9cfb28693d (webtiles) character file.

Game seed: 8515177902725472229 (custom seed)

112405 bmack86 the Severer (level 16, 0/147 HPs)
             Began as a Minotaur Fighter on Apr 21, 2023.
             Was the Champion of Okawaru.
             Killed from afar by an ice dragon (36 damage)
             ... with a blast of cold
             ... on level 15 of the Dungeon.
             The game lasted 01:00:20 (19772 turns).

bmack86 the Severer (Minotaur Fighter)             Turns: 19772, Time: 01:00:20

Health: 0/147      AC: 27    Str: 22    XL:     16   Next: 11%
Magic:  32/32      EV:  9    Int: 12    God:    Okawaru [******]
Gold:   440        SH: 21    Dex:  7    Spells: 15/15 levels left

rFire   . . .      SeeInvis +   t - +9 broad axe (vorpal)
rCold   . . .      Faith    .   X - +0 tower shield
rNeg    . . .      Spirit   .   U - +2 plate armour {Will+}
rPois   +          Reflect  +   y - +1 hat {Will+}
rElec   +          Harm     .   s - +1 cloak of Starlight {*Dazzle EV+4 Stlth--}
rCorr   .          Rampage  .   P - +0 pair of gloves of Fuisch {rElec Str-5 Int+7 SInv}
Will    +++++      NoCast   +   u - +2 pair of boots of Wuux {-Cast rPois Will+ Regen+}
Stlth   ..........              E - amulet "Ylussoc" {Reflect MP+9 Dex-5 Slay+5 SH+5}
HPRegen 1.14/turn               S - +4 ring of slaying
MPRegen 0.23/turn               b - ring of willpower

@: no status effects
A: horns 2, retaliatory headbutt
a: Renounce Religion, Heroism, Finesse, Duel


You were on level 15 of the Dungeon.
You worshipped Okawaru.
Okawaru was exalted by your worship.
You visited 5 branches of the dungeon, and saw 24 of its levels.
You also visited: Volcano.

You collected 4992 gold pieces.
You spent 4552 gold pieces at shops.

Inventory:

Hand Weapons
 a - a +0 spectral war axe
 t - a +9 vorpal broad axe (weapon)
 I - a +6 war axe of flaming
 L - the +4 hand axe of Magnificence {flame, Stlth+}
   (Okawaru gifted it to you on level 11 of the Dungeon)

   It burns those it strikes, dealing additional fire damage.
   Big, fiery blades are also staple armaments of hydra-hunters.
   Stlth:     It makes you more stealthy.
 O - the +9 war axe of Starshine {spect, rF- Dex+5}
   (Okawaru gifted it to you on level 2 of the Orcish Mines)

   When its wielder attacks, the weapon's spirit leaps out and strikes again.
   The spirit shares a part of any damage it takes with its wielder.
   Dex:       It affects your dexterity (+5).
   rF:        It makes you vulnerable to fire.
 T - a +5 broad axe of flaming
Missiles
 n - 4 javelins
 q - 17 poisoned darts
 v - 8 throwing nets
 G - 4 boomerangs (quivered)
 W - 3 silver boomerangs
Armour
 s - the +1 cloak of Starlight (worn) {*Dazzle EV+4 Stlth--}
   (You acquired it on level 4 of the Lair of Beasts)

   It may blind those who miss an attack against the wearer in melee combat.
   EV:        It affects your evasion (+4).
   Stlth:     It makes you much less stealthy.
 u - the +2 pair of boots of Wuux (worn) {-Cast rPois Will+ Regen+}
   (You acquired it on level 2 of the Dungeon)

   rPois:     It protects you from poison.
   -Cast:     It prevents spellcasting.
   Regen:     It increases your rate of health regeneration.
   Will:      It increases your willpower.
 y - a +1 hat of willpower (worn)
 H - a +5 plate armour
 P - the +0 pair of gloves of Fuisch (worn) {rElec Str-5 Int+7 SInv}
   (You found it on level 2 of the Lair of Beasts)

   Str:       It affects your strength (-5).
   Int:       It affects your intelligence (+7).
   rElec:     It insulates you from electricity.
   SInv:      It lets you see invisible.
 U - a +2 plate armour of willpower (worn)
 X - a +0 tower shield (worn)
Jewellery
 b - a ring of willpower (right hand)
 f - an amulet of the acrobat
 k - a ring of willpower
 E - the amulet "Ylussoc" (around neck) {Reflect MP+9 Dex-5 Slay+5 SH+5}
   (You bought it in a shop on level 7 of the Dungeon)

   [amulet of reflection]

   It reflects blocked missile attacks.
   Dex:       It affects your dexterity (-5).
   Slay:      It affects your accuracy & damage with ranged weapons and melee
   (+5).
   MP:        It affects your magic capacity (+9).
   SH:        It affects your SH (+5).
 J - an amulet of faith
 K - a ring of flight
 Q - a ring of ice
 R - a +4 ring of protection
 S - a +4 ring of slaying (left hand)
Wands
 A - a wand of iceblast (30)
 C - a wand of flame (38)
 D - a wand of paralysis (19)
 N - a wand of mindburst (26)
Scrolls
 g - 2 scrolls of fear
 h - a scroll of brand weapon
 m - 2 scrolls of blinking
 p - 12 scrolls of teleportation
 x - a scroll of poison
 M - 2 scrolls of magic mapping
Potions
 c - 3 potions of brilliance
 d - 4 potions of might
 e - 15 potions of curing
 i - a potion of invisibility
 l - a potion of ambrosia
 o - a potion of flight
 r - 4 potions of haste
 z - 3 potions of magic
 B - 2 potions of cancellation


   Skills:
 + Level 14.8 Fighting
 - Level 18.0 Axes
 - Level 10.0 Throwing
 + Level 14.8 Armour
 + Level 14.8 Shields
 + Level 11.3 Invocations


You had 15 spell levels left.
You didn't know any spells.
Your spell library contained the following spells:

 Spells                   Type           Power      Damage    Failure   Level
 Beastly Appendage        Tmut           0%         N/A       100%        1
 Necrotise                Necr           0%         1d4       100%        1
 Slow                     Hex            0%         N/A       100%        1
 Ensorcelled Hibernation  Hex/Ice        0%         N/A       100%        2
 Passwall                 Tmut/Erth      0%         N/A       100%        2
 Poisonous Vapours        Pois/Air       0%         N/A       100%        2
 Static Discharge         Conj/Air       0%         3-3/arc   100%        2
 Wereblood                Tmut           0%         N/A       100%        2
 Confusing Touch          Hex            0%         N/A       100%        3
 Inner Flame              Hex/Fire       0%         N/A       100%        3
 Portal Projectile        Hex/Tloc       0%         N/A       100%        3
 Spider Form              Tmut/Pois      0%         N/A       100%        3
 Swiftness                Air            0%         N/A       100%        3
 Vampiric Draining        Necr           0%         2d6       100%        3
 Cause Fear               Hex            0%         N/A       100%        4
 Corpse Rot               Necr/Pois/Air  0%         N/A       100%        4
 Leda's Liquefaction      Hex/Erth       0%         N/A       100%        4
 Olgreb's Toxic Radiance  Pois           0%         N/A       100%        4
 Passage of Golubria      Tloc           0%         N/A       100%        4
 Agony                    Necr           0%         N/A       100%        5
 Lightning Bolt           Conj/Air       0%         1d11      100%        5
 Silence                  Hex/Air        0%         N/A       100%        5
 Orb of Destruction       Conj           0%         9d5       100%        7
 Ozocubu's Refrigeration  Ice            0%         4d7       100%        7
 Borgnjor's Revivificati  Necr           0%         N/A       100%        8
 Discord                  Hex            0%         N/A       100%        8
 Ignition                 Fire           0%         3d3       100%        8
 Lehudib's Crystal Spear  Conj/Erth      0%         10d2      100%        8
 Maxwell's Capacitive Co  Air            0%         ∞         100%        8
 Necromutation            Tmut/Necr      0%         N/A       100%        8
 Chain Lightning          Conj/Air       0%         N/A       100%        9
 Death's Door             Necr           0%         N/A       100%        9
 Fire Storm               Conj/Fire      0%         5d1       100%        9
 Shatter                  Erth           0%         3d5*      100%        9
 Call Canine Familiar     Summ           Unusable   N/A       N/A         3
 Summon Guardian Golem    Hex/Summ       Unusable   N/A       N/A         3
 Spellforged Servitor     Conj/Summ      Unusable   N/A       N/A         7

Dungeon Overview and Level Annotations

Branches:
Dungeon (15/15)            Temple (1/1) D:7            Lair (5/5) D:10
  Swamp (0/4) Lair:3       Spider (0/4) Lair:2        Slime (0/5) Lair:4
    Orc (2/2) D:10            Elf (1/3) Orc:2        Vaults (0/5) D:14
Volcano (visited)
 Depths: D:15

Altars:
Ashenzari
Cheibriados
Elyvilon
Fedhas
Gozag
Hepliaklqana
Kikubaaqudgha
Makhleb
Nemelex Xobeh
Okawaru
Qazlal
Ru
Sif Muna
Trog
Uskayaw
Vehumet
Wu Jian
Xom
Yredelemnul
Zin
The Shining One
Jiyva

Shops:
D:2 *   D:5 *   D:7 =   D:8 ?   Orc:1 (?=   Orc:2 [(*=

Portals:
Ice
Cave: D:15

Annotations:
D:4 2 transporters, shadowmeld's ghost, amateur DjFE
D:12 3 runed translucent doors, Bacloox's ghost, journeyman SpHu
D:15 exclusion: 2 ice statues
Lair:4 3 runed translucent doors, exclusion: 3 oklob plants, Rangus's ghost, journeyman GnFi


Innate Abilities, Weirdness & Mutations

You have a pair of horns on your head.
You reflexively headbutt those who attack you in melee.


Message History

The ice beast disappears in a puff of smoke!
You slash the ice beast!
You kill the ice beast!
The ice beast disappears in a puff of smoke!
You are engulfed in freezing vapours.
The ice statue gestures at you.
The bolt of cold hits the ice statue.
The ice statue completely resists.
The bolt of cold hits you!
You catch the helpless ice statue completely off-guard!
You slash the ice statue!
The ice statue is severely damaged.
You slash the ice dragon!
You are engulfed in freezing vapours.
You block the ice dragon's attack.
The ice dragon claws you but does no damage.
You block the ice dragon's attack. The ice statue gestures at you.
The freezing blast engulfs you.
You hit the ice statue.
The ice statue is almost destroyed.
You slice the ice dragon!!
You are engulfed in freezing vapours.
The ice dragon is engulfed in freezing vapours.
The ice dragon bites you but does no damage.
The ice dragon claws you.
* * * LOW HITPOINT WARNING * * *
The ice dragon tramples you!
* * * LOW HITPOINT WARNING * * *
You stumble backwards!
The ice dragon attacks as you move away!
You block the ice dragon's attack. x3; You are engulfed in freezing vapours.
* * * LOW HITPOINT WARNING * * *
The ice dragon is engulfed in freezing vapours.
The ice statue gestures.
The ice statue gestures at you. The bolt of cold misses you.
Found a chain mail and a pair of gloves.
The ice statue gestures. x2
Unknown command.
You feel much better. The ice dragon breathes frost at you.
The blast of cold hits you!!!
You die...

.......[......[
...............
#..............
#.......!.......
................
..................
....................#
.......@8............
......$D°°...........
......Y(8............
......Y..Y○..........
......○○.○...........
......○○°°...........
.............<.......
....................#
..........#.........#


You could see an ice dragon (catching breath), 2 ice statues and 3 ice beasts.

Vanquished Creatures
  Rupert (D:13)
  Gastronok (D:8)
  Kirke (D:14)
  Louise (D:14)
  An ironbound preserver (D:14)
  Azrael (D:13)
  Snorg (Orc:1)
  A fire dragon (Lair:5)
  Harold (Lair:2)
  5 boulder beetles
  4 hydras
  A catoblepas (Lair:4)
  Fannar (Orc:1)
  5 ogre magi
  5 centaur warriors
  22 two-headed ogres
  Erica (D:8)
  A dancing weapon (Elf:1)
  3 tengu warriors (D:14)
  A hell knight (Volcano)
  2 deep elf knights (Elf:1)
  2 swamp dragons
  Pikel (D:8)
  3 lindwurms
  2 deep elf archers (Elf:1)
  5 deep elf pyromancers
  9 deep elf zephyrmancers (Elf:1)
  19 ugly things
  3 orc knights
  An orc sorcerer (Orc:1)
  A wolf spider (Lair:5)
  4 cyclopes
  4 manticores
  The ghost of GasterBasher the Trooper, a novice HOFi of Beogh (D:6)
  Joseph (D:8)
  2 gargoyles
  A guardian serpent (Lair:5)
  3 elephants (Lair:4)
  12 black mambas
  13 cane toads
  A torpor snail (Lair:2)
  A kobold demonologist (D:12)
  2 unseen horrors (D:10)
  Psyche (D:9)
  Maggie (D:10)
  11 komodo dragons
  An unseen horror zombie (D:9)
  A freezing wraith (D:14)
  5 rime drakes
  3 tengu conjurers (D:14)
  A yaktaur (Volcano)
  6 trolls
  3 polar bears
  3 hornets
  20 blink frogs
  Prince Ribbit (D:9)
  9 slime creatures
  A centaur simulacrum (D:14)
  3 shadows
  3 humans (D:14)
  15 wyverns
  A vampire (D:10)
  A human (shapeshifter) (D:14)
  A fire elemental (Elf:1)
  2 wraiths
  46 yaks
  Grum (D:10)
  A golden eye (shapeshifter) (D:13)
  11 fire bats
  A redback (Lair:5)
  3 steam dragons
  9 vampire mosquitoes
  6 basilisks
  5 wargs
  3 acid dragons
  4 hell hounds (D:13)
  22 water moccasins
  3 ice beasts
  2 swamp drakes (Lair:5)
  13 orc warriors
  2 black bears (Lair:3)
  7 wolves
  21 centaurs
  27 ogres
  A lemure (D:8)
  5 bullfrogs
  A wyvern zombie (D:9)
  A gnoll sergeant (D:9)
  4 scorpions
  7 wights
  12 killer bees
  3 electric eels (D:8)
  7 lava snakes (Volcano)
  3 jellies
  A hound (D:7)
  11 orc priests
  3 gnoll boudas
  11 iguanas
  15 orc wizards
  18 gnolls
  4 adders
  10 river rats (D:6)
  2 white imps
  2 ufetubi
  2 worms (Lair:2)
  3 dart slugs
  65 orcs
  5 ball pythons
  5 bats
  3 endoplasms
  6 giant cockroaches
  7 goblins
  7 hobgoblins
  5 jackals (D:2)
  8 quokkas
  5 frilled lizards
  4 kobolds
  24 rats
701 creatures vanquished.

Vanquished Creatures (others)
  A deep elf zephyrmancer (Elf:1)
  Maurice (D:13)
  An orc wizard (D:14)
  31 fungi
  71 plants
105 creatures vanquished.

Grand Total: 806 creatures vanquished

Notes
Turn   | Place    | Note
-------+----------+-------------------------------------------
     0 | D:1      | bmack86 the Minotaur Fighter began the quest for the Orb.
     0 | D:1      | Reached XP level 1. HP: 19/19 MP: 0/0
   158 | D:1      | Reached XP level 2. HP: 27/27 MP: 1/1
   298 | D:1      | Reached skill level 3 in Axes
   895 | D:2      | Found a shimmering altar of Xom.
   905 | D:2      | Reached XP level 3. HP: 29/33 MP: 2/2
   963 | D:2      | Found Vuamm's General Store.
  1310 | D:2      | Reached XP level 4. HP: 8/40 MP: 3/3
  1316 | D:2      | Identified 4 scrolls of acquirement
  1316 | D:2      | Acquired a +3 vorpal broad axe
  1319 | D:2      | Acquired the +2 pair of boots of Wuux {-Cast rPois Will+
                  | Regen+}
  1563 | D:2      | Acquired 836 gold pieces
  1565 | D:2      | Acquired 713 gold pieces
  1604 | D:2      | Reached skill level 4 in Axes
  1604 | D:2      | Reached skill level 1 in Throwing
  1838 | D:2      | Bought 3 scrolls of enchant weapon for 225 gold pieces
  1838 | D:2      | Bought 5 poisoned darts for 20 gold pieces
  1881 | D:3      | Found a faded altar of an unknown god.
  2273 | D:3      | Reached XP level 5. HP: 47/47 MP: 4/4
  2676 | D:4      | Found a transporter.
  2677 | D:4      | Noticed shadowmeld's ghost (amateur DjFE)
  2726 | D:4      | Found a transporter.
  2960 | D:4      | Reached skill level 5 in Axes
  3009 | D:5      | Entered Level 5 of the Dungeon
  3122 | D:5      | Reached XP level 6. HP: 29/53 MP: 5/5
  3235 | D:5      | Found a radiant altar of Vehumet.
  3443 | D:5      | Found Bylic's Specific Store.
  3447 | D:5      | Found Naef Ace's General Store.
  3452 | D:5      | Bought a scroll of magic mapping for 105 gold pieces
  3452 | D:5      | Bought 3 scrolls of enchant armour for 315 gold pieces
  3456 | D:5      | Bought a +0 plate armour for 345 gold pieces
  3505 | D:5      | Noticed a water moccasin
  3512 | D:5      | Killed a water moccasin
  3513 | D:5      | Reached skill level 5 in Fighting
  3513 | D:5      | Reached skill level 5 in Armour
  3513 | D:5      | Reached skill level 5 in Shields
  3513 | D:5      | Reached XP level 7. HP: 58/61 MP: 6/6
  3661 | D:6      | Found a hazy altar of Hepliaklqana.
  3667 | D:6      | Reached skill level 6 in Axes
  3940 | D:6      | Noticed a troll
  3943 | D:6      | Killed a troll
  3944 | D:6      | Reached skill level 7 in Axes
  3944 | D:6      | Reached XP level 8. HP: 70/70 MP: 7/7
  4035 | D:6      | Reached skill level 8 in Axes
  4272 | D:6      | Found a runed translucent gate.
  4272 | D:6      | Found a runed translucent gate.
  4273 | D:6      | Found a runed translucent gate.
  4275 | D:6      | Noticed GasterBasher's ghost (novice HOFi)
  4289 | D:6      | Killed GasterBasher's ghost
  4460 | D:7      | Reached XP level 9. HP: 57/78 MP: 8/8
  4515 | D:7      | Found a staircase to the Ecumenical Temple.
  4528 | Temple   | Entered the Ecumenical Temple
  4534 | Temple   | Became a worshipper of Warmaster Okawaru
  4919 | D:7      | Found the +0 staff of Battle
  5028 | D:7      | Reached skill level 9 in Axes
  5089 | D:7      | Identified the +2 long sword "Widowermaker" {vorpal, rN+
                  | Str+3}
  5093 | D:7      | Found Zauzocer's Jewellery Emporium.
  5098 | D:7      | Bought the amulet "Ylussoc" {Reflect MP+9 Dex-5 Slay+5
                  | SH+5} for 929 gold pieces
  5534 | D:8      | Found Zilis's Magic Scroll Shoppe.
  5572 | D:8      | Reached skill level 1 in Invocations
  5594 | D:8      | Noticed Pikel
  5606 | D:8      | Killed Pikel
  5677 | D:8      | Found a glowing silver altar of Zin.
  5694 | D:8      | Reached * piety under Okawaru
  5728 | D:8      | Noticed Gastronok
  5738 | D:8      | Killed Gastronok
  5738 | D:8      | Reached ** piety under Okawaru
  5739 | D:8      | Reached skill level 10 in Axes
  5739 | D:8      | Reached skill level 5 in Throwing
  5739 | D:8      | Reached XP level 10. HP: 65/88 MP: 11/11
  5777 | D:8      | Noticed a cyclops
  5786 | D:8      | Noticed a two-headed ogre
  5919 | D:8      | Noticed Joseph
  5929 | D:8      | Killed Joseph
  5986 | D:8      | Killed a cyclops
  6077 | D:8      | Found a snail-covered altar of Cheibriados.
  6295 | D:8      | Noticed Erica
  6302 | D:8      | Killed Erica
  6302 | D:8      | Reached *** piety under Okawaru
  6303 | D:8      | Reached skill level 11 in Axes
  6836 | D:8      | Killed a two-headed ogre
  6920 | D:9      | Reached **** piety under Okawaru
  6920 | D:9      | Received a gift from Okawaru
  6935 | D:9      | Found a basalt altar of Yredelemnul.
  7300 | D:9      | Noticed a two-headed ogre
  7305 | D:9      | Killed a two-headed ogre
  7306 | D:9      | Reached XP level 11. HP: 92/95 MP: 13/13
  7442 | D:9      | Noticed Prince Ribbit
  7447 | D:9      | Killed Prince Ribbit
  7812 | D:9      | Noticed Psyche
  7816 | D:9      | Killed Psyche
  7996 | D:10     | Entered Level 10 of the Dungeon
  8136 | D:10     | Found a staircase to the Orcish Mines.
  8174 | D:10     | Reached skill level 12 in Axes
  8189 | D:10     | Found a blossoming altar of Fedhas.
  8244 | D:10     | Found a staircase to the Lair.
  8260 | D:10     | Noticed Maggie
  8269 | D:10     | Killed Maggie
  8387 | D:10     | Noticed Grum
  8390 | D:10     | Reached ***** piety under Okawaru
  8395 | D:10     | Killed Grum
  8452 | D:10     | Reached skill level 5 in Invocations
  8641 | D:10     | Found a burning altar of Makhleb.
  8887 | D:10     | Received a gift from Okawaru
  9341 | D:11     | Reached skill level 13 in Axes
  9416 | D:11     | Noticed a two-headed ogre
  9424 | D:11     | Killed a two-headed ogre
  9424 | D:11     | Identified the +4 hand axe of Magnificence {flame, Stlth+}
                  | (Okawaru gifted it to you on level 11 of the Dungeon)
  9424 | D:11     | Received a gift from Okawaru
  9832 | D:12     | Found a runed translucent gate.
  9832 | D:12     | Noticed a rockslime
  9833 | D:12     | Found a runed translucent gate.
  9833 | D:12     | Noticed an azure jelly
  9834 | D:12     | Noticed Bacloox's ghost (journeyman SpHu)
  9834 | D:12     | Noticed a glowing orange brain
  9834 | D:12     | Noticed an acid blob
  9835 | D:12     | Noticed an acid blob
  9835 | D:12     | Found a runed translucent gate.
  9835 | D:12     | Noticed an acid blob
  9835 | D:12     | Noticed an acid blob
  9835 | D:12     | Noticed an azure jelly
  9835 | D:12     | Noticed an acid blob
  9836 | D:12     | Noticed an azure jelly
  9836 | D:12     | Noticed an azure jelly
  9838 | D:12     | Found a viscous altar of Jiyva.
  9857 | D:12     | Reached skill level 10 in Fighting
  9857 | D:12     | Reached skill level 10 in Armour
  9857 | D:12     | Reached XP level 12. HP: 106/106 MP: 15/15
  9945 | D:12     | Reached skill level 10 in Shields
 10761 | D:13     | Noticed a centaur warrior
 10767 | D:13     | Killed a centaur warrior
 10767 | D:13     | Received a gift from Okawaru
 10811 | D:13     | Received a gift from Okawaru
 10812 | D:13     | Reached skill level 14 in Axes
 10905 | D:13     | Noticed Rupert
 10906 | D:13     | Noticed a two-headed ogre
 10909 | D:13     | Noticed an ogre mage
 10909 | D:13     | Noticed a two-headed ogre
 10909 | D:13     | Noticed Maurice
 10912 | D:13     | Killed a two-headed ogre
 10914 | D:13     | Noticed a centaur warrior
 10915 | D:13     | Noticed a two-headed ogre
 10920 | D:13     | Killed an ogre mage
 10920 | D:13     | Noticed a two-headed ogre
 10922 | D:13     | Killed a two-headed ogre
 10923 | D:13     | Killed Rupert
 10923 | D:13     | Reached ****** piety under Okawaru
 10926 | D:13     | Killed a two-headed ogre
 10926 | D:13     | Identified the +1 ring mail of Resonance {rF+ rCorr Dex+4}
                  | (Okawaru gifted it to you on level 13 of the Dungeon)
 10926 | D:13     | Received a gift from Okawaru
 10929 | D:13     | Noticed a two-headed ogre
 10930 | D:13     | Killed Maurice
 10931 | D:13     | Killed a two-headed ogre
 10931 | D:13     | Noticed Azrael
 10935 | D:13     | Killed a two-headed ogre
 10943 | D:13     | Noticed a centaur warrior
 11168 | Lair:1   | Entered Level 1 of the Lair of Beasts
 11220 | Lair:1   | Reached XP level 13. HP: 116/116 MP: 17/17
 11889 | Lair:1   | Reached skill level 15 in Axes
 12196 | Lair:2   | Identified the +3 mace "Cunoa" {venom, Will+ Stlth+}
 12318 | Lair:2   | Identified the +0 pair of gloves of Fuisch {rElec Str-5
                  | Int+7 SInv}
 12391 | Lair:2   | Noticed Harold
 12398 | Lair:2   | Killed Harold
 12471 | Lair:2   | Found a hole to the Spider Nest.
 12580 | Lair:2   | Identified the +0 chain mail "Nicigref" {rPois}
 13091 | Lair:3   | Found a staircase to the Swamp.
 13861 | Lair:4   | Received a gift from Okawaru
 13975 | Lair:4   | Received a gift from Okawaru
 13976 | Lair:4   | Reached skill level 16 in Axes
 14063 | Lair:4   | Acquired the +1 cloak of Starlight {*Dazzle EV+4 Stlth--}
 14063 | Lair:4   | Found the +1 cloak of Starlight {*Dazzle EV+4 Stlth--}
 14085 | Lair:4   | Acquired 452 gold pieces
 14087 | Lair:4   | Acquired 841 gold pieces
 14091 | Lair:4   | Found a viscous altar of Jiyva.
 14092 | Lair:4   | Found a staircase to the Slime Pits.
 14187 | Lair:4   | Found a runed translucent gate.
 14190 | Lair:4   | Found a runed translucent gate.
 14191 | Lair:4   | Found a runed translucent gate.
 14191 | Lair:4   | Noticed Rangus's ghost (journeyman GnFi)
 14252 | Lair:4   | Received a gift from Okawaru
 14322 | Lair:4   | Found a burning altar of Makhleb.
 14670 | Lair:5   | Entered Level 5 of the Lair of Beasts
 14683 | Lair:4   | Reached XP level 14. HP: 82/126 MP: 19/19
 14730 | Lair:4   | Received a gift from Okawaru
 14808 | Lair:5   | Received a gift from Okawaru
 15245 | Lair:5   | Identified the +5 ring mail of Claustrophobia {rElec rPois
                  | Str+3} (Okawaru gifted it to you on level 5 of the Lair of
                  | Beasts)
 15245 | Lair:5   | Received a gift from Okawaru
 15458 | Lair:5   | Reached skill level 10 in Throwing
 15572 | Lair:5   | Reached skill level 17 in Axes
 16148 | Orc:1    | Entered Level 1 of the Orcish Mines
 16148 | Orc:1    | Noticed Snorg
 16148 | Orc:1    | Found Fuor Qua's Magic Scroll Shoppe.
 16149 | Orc:1    | Noticed Fannar
 16165 | Orc:1    | Killed Snorg
 16172 | Orc:1    | Killed Fannar
 16215 | Orc:1    | Bought a scroll of brand weapon for 123 gold pieces
 16215 | Orc:1    | Bought a scroll of magic mapping for 97 gold pieces
 16215 | Orc:1    | Bought a scroll of silence for 123 gold pieces
 16215 | Orc:1    | Bought a scroll of enchant weapon for 97 gold pieces
 16215 | Orc:1    | Bought a scroll of enchant weapon for 97 gold pieces
 16252 | Orc:1    | Found Ysoy's Weapon Shop.
 16289 | Orc:1    | Found Ekutrual's Jewellery Boutique.
 16298 | Orc:1    | Bought a +4 ring of protection for 504 gold pieces
 16298 | Orc:1    | Bought a +4 ring of slaying for 1092 gold pieces
 16594 | Orc:1    | Found a dark tunnel.
 16604 | Volcano  | Entered a volcano
 16755 | Volcano  | Found a radiant altar of Vehumet.
 16785 | Volcano  | Found a radiant altar of Vehumet.
 17050 | Orc:2    | Entered Level 2 of the Orcish Mines
 17106 | Orc:2    | Identified the +9 war axe of Starshine {spect, rF- Dex+5}
                  | (Okawaru gifted it to you on level 2 of the Orcish Mines)
 17106 | Orc:2    | Received a gift from Okawaru
 17362 | Orc:2    | Reached XP level 15. HP: 116/135 MP: 21/21
 17442 | Orc:2    | Found Gaompaj's Antique Weapon Emporium.
 17442 | Orc:2    | Found Buregoir's Jewellery Shop.
 17446 | Orc:2    | Received a gift from Okawaru
 17447 | Orc:2    | Reached skill level 18 in Axes
 17451 | Orc:2    | Identified the +4 robe of Zimouhie {Str+4 Slay+3} (Okawaru
                  | gifted it to you on level 2 of the Orcish Mines)
 17451 | Orc:2    | Received a gift from Okawaru
 17457 | Orc:2    | Found Antoit's Armour Boutique.
 17457 | Orc:2    | Found Fekhlieff's Assorted Antiques.
 17463 | Orc:2    | Reached skill level 10 in Invocations
 17481 | Orc:2    | Bought a +2 plate armour of willpower for 480 gold pieces
 17558 | Orc:2    | Found a staircase to the Elven Halls.
 17931 | Elf:1    | Entered Level 1 of the Elven Halls
 17985 | Elf:1    | HP: 4/137 [deep elf zephyrmancer/bolt of lightning (9)]
 17992 | Elf:1    | HP: 3/137 [+1 glaive of pain (10)]
 18697 | D:13     | Killed Azrael
 19044 | D:14     | Found a gate to the Vaults.
 19140 | D:14     | Identified the +1 chain mail of the Wilderness {rC+ Str-5
                  | Dex+4 SInv} (Okawaru gifted it to you on level 14 of the
                  | Dungeon)
 19140 | D:14     | Received a gift from Okawaru
 19219 | D:14     | Noticed Kirke
 19229 | D:14     | Killed Kirke
 19436 | D:14     | Reached XP level 16. HP: 144/147 MP: 23/23
 19474 | D:14     | Noticed Louise
 19488 | D:14     | Killed Louise
 19754 | D:15     | Entered Level 15 of the Dungeon
 19754 | D:15     | Found a frozen archway.
 19770 | D:15     | HP: 4/147 [ice statue] (28)]
 19772 | D:15     | Killed from afar by an ice dragon

Illustrated notes

Levels and vault maps discovered:
D:1:      sevenhm_arrival_forest_fort_large_4, layout_basic,
          nrook_loot_triangle, minmay_lizard_pond
D:2:      layout_loops_ring, basic_altar, serial_shops,
          nicolae_shop_temple_entry_statues_fountains
D:3:      layout_basic, ebering_ecumenical_altar_webs, serial_forest,
          infiniplex_forest_lined_corner, infiniplex_forest_lined_1,
          infiniplex_forest_lined_1, infiniplex_forest_clump_small,
          infiniplex_forest_lined_room_3, infiniplex_forest_straight_1,
          infiniplex_forest_lined_room_2, infiniplex_forest_straight_4
D:4:      layout_cave_pools, gammafunk_ghost_arena
D:5:      layout_loops_ring, mainiacjoe_overflow_catwalk, nicolae_specific_store
D:6:      lemuel_ratsnest, layout_rooms, mainiacjoe_overflow_boulevard,
          ebering_ghost_rock_garden, hangedman_abyss_or_decor_stagger,
          serial_park_tiny_1
D:7:      layout_loops_cross, nicolae_overflow_hidden_temple,
          minmay_temple_entry_mist, serial_shops, kennysheep_little_box,
          hangedman_abyss_or_decor_stabs, minmay_misc_feat_iff
D:8:      layout_basic, mainiacjoe_overflow_alcove_4, lemuel_doored_altar,
          serial_shops, shop_fountains, minmay_crystal_water,
          kennysheep_island_fort, uniq_pikel, uniq_joseph, uniq_erica,
          uniq_gastronok
D:9:      layout_stronghold, lemuel_zombie_altar_yredelemnul, uniq_psyche,
          uniq_prince_ribbit1
D:10:     layout_grid_maze, lightli_temple_of_fire, fedhas_ov_isle_minmay,
          dpeg_oklobed_lair, chequers_serial_rivers_micro_e, uniq_grum,
          uniq_maggie
D:11:     layout_irregular_city
D:12:     layout_loops_ring, gammafunk_ghost_ooze,
          hangedman_decor_clover_reticule
D:13:     layout_loops_ring, uniq_rupert, uniq_maurice, uniq_azrael
D:14:     layout_roguey, skrybe_vaults_entry_preservation, serial_bayou_pond_e,
          grunt_ministairs_8, uniq_kirke, uniq_louise
D:15:     grunt_enter_depths_snipers, layout_cave_pools,
          portal_ice_cave_entry_ice_statue_two, minmay_misc_feat_more_columns,
          uniq_jorgrun
Temple:   eino_narrow_crystal_temple
Lair:1:   layout_long_grid
Lair:2:   layout_loops_ring, nicolae_spider_entry_non_spiders,
          serial_bayou_pond_a, uniq_harold
Lair:3:   layout_small_grid, minmay_swamp_entry_reptiles, grunt_megastairs_1
Lair:4:   layout_gridlike, minmay_slime_entry_oklob_open, basic_altar,
          gammafunk_ghost_split, beast_lair_carwin_2
Lair:5:   guppyfry_lair_end_dragon, layout_gridlike,
          hangedman_lair_tendril_chambers
Orc:1:    layout_caves, nicolae_volcano_entry_vermiform, serial_shops,
          shop_fountains, nicolae_shop_hallway_plus, shop, uniq_snorg,
          uniq_fannar
Orc:2:    st_orc_ogre_mass, layout_caves
Elf:1:    layout_geoelf_grid, minmay_elf_crystal_hexagon, lemuel_upstairs_altar

Skill      XL: |  1  2  3  4  5  6  7  8  9 10 11 12 13 14 15 |
---------------+----------------------------------------------+-----
Axes           | 3 4 5 7 8 10 11 13 14 16 17 18 | 18.0
Armour         | 4 5 6 7 8 10 11 12 13 14 | 14.8
Shields        | 4 5 6 7 8 9 11 12 13 14 | 14.8
Fighting       | 4 5 6 7 8 10 11 12 13 14 | 14.8
Throwing       | 1 2 3 4 5 6 7 8 9 10 | 10.0
Invocations    | 2 4 5 7 8 9 11 | 11.3

Action                   |  1- 3 |  4- 6 |  7- 9 | 10-12 | 13-15 | 16-18 || total
-------------------------+-------+-------+-------+-------+-------+-------++-------
Melee: War axe           |    68 |     2 |       |       |     5 |       ||    75
       Headbutt          |     5 |     9 |    29 |    60 |   128 |    14 ||   245
       Broad axe         |       |    91 |   142 |   290 |   657 |    47 ||  1227
       Hand axe          |       |       |       |       |    13 |       ||    13
Throw: Dart              |       |       |       |     7 |     3 |       ||    10
Invok: Heroism           |       |       |       |     4 |     6 |     1 ||    11
       Finesse           |       |       |       |     1 |     4 |       ||     5
  Use: Scroll            |     1 |    11 |    19 |     6 |    20 |       ||    57
       Potion            |       |       |       |     2 |     5 |     1 ||     8
 Stab: Invisible         |       |       |       |       |     7 |       ||     7
       Distracted        |       |       |       |       |       |     1 ||     1
Armor: Scale mail        |    30 |     7 |       |       |       |       ||    37
       Chain mail        |       |    23 |       |       |       |       ||    23
       Plate armour      |       |     3 |    84 |   211 |   373 |    27 ||   698
Dodge: Dodged            |    46 |    44 |    64 |    71 |   238 |    14 ||   477
Block: Buckler           |    23 |    17 |    26 |       |       |       ||    66
       Kite shield       |       |       |    14 |   277 |   675 |    13 ||   979
       Reflection        |       |       |       |    27 |    49 |       ||    76
       Tower shield      |       |       |       |       |       |    42 ||    42
